 Dungeon Crawl Stone Soup version 0.17-a0-1562-g9b2c768 (webtiles) character file.

1038 patman the Carver (level 8, -4/51 HPs)
             Began as a Halfling Berserker on July 20, 2015.
             Was a Priest of Trog.
             Slain by a wyvern (15 damage)
             ... on level 8 of the Dungeon.
             The game lasted 00:08:54 (3005 turns).

patman the Carver (Halfling Berserker)              Turns: 3005, Time: 00:08:55

Health: -4/51      AC:  9    Str: 17    XL:     8   Next: 48%
Magic:  8/8        EV: 10    Int:  6    God:    Trog [***...]
Gold:   136        SH:  0    Dex: 16    Spells: 0 memorised, 7 levels left

rFire  . . .     SeeInvis .     r - +0 rapier (vamp)
rCold  . . .     Clarity  .     v - +0 chain mail
rNeg   + . .     SustAt   .     (shield restricted)
rPois  .         Gourm    .     (no helmet)
rElec  .         Spirit   .     (no cloak)
rCorr  .         Warding  .     (no gloves)
rMut   .         Rnd*Tele +     q - +0 pair of boots
MR     .....                    (no amulet)
Stlth  ..........               u - ring of teleportation (curse)
                                m - ring of positive energy

@: exhausted, not resistant to hostile enchantments, extremely unstealthy
A: mutation resistance 1
a: Burn Spellbooks, Berserk, Trog's Hand, Renounce Religion, Evoke Teleportation


You were on level 8 of the Dungeon.
You worshipped Trog.
Trog was most pleased with you.
You were not hungry.

You visited 1 branch of the dungeon, and saw 8 of its levels.

You collected 136 gold pieces.

Inventory:

Hand weapons
 a - a +0 falchion
 r - a +0 vampiric rapier (weapon)
 t - a +1 dagger of venom
 w - a +0 long sword
Missiles
 d - 76 stones (quivered)
Armour
 q - a +0 pair of boots (worn)
 v - a +0 chain mail (worn)
Jewellery
 m - a ring of positive energy (left hand)
 u - a cursed ring of teleportation (right hand)
Scrolls
 e - 3 scrolls of teleportation
 h - a scroll of blinking {unknown}
 k - a scroll of remove curse {unknown}
 n - a scroll of fear {unknown}
 s - a scroll of recharging {unknown}
Potions
 g - 3 potions of might
 j - a potion of curing
 l - a potion of brilliance
 o - a potion of poison {unknown}
Comestibles
 b - 2 royal jellies
 c - 2 bread rations
 f - a beef jerky
 i - a fruit
 p - 3 chunks of flesh


   Skills:
 - Level 2.6 Fighting
 + Level 9.8 Long Blades
 - Level 2.1 Armour
 - Level 2.1 Dodging


You had 7 spell levels left.
You didn't know any spells.

Dungeon Overview and Level Annotations

Branches:
Dungeon (8/15)             Temple (0/1) D:7
   Lair: D:8-11

Altars:
Fedhas
Okawaru
Qazlal


Innate Abilities, Weirdness & Mutations

You are small and have problems with some larger weapons.
You are somewhat resistant to further mutation.


Message History

Unknown command.
Use which ability? (? or * to list) You're too exhausted to go berserk.
Unknown command.
You hit the centaur but do no damage.
The centaur is moderately wounded.
The centaur closely misses you. The wyvern bites you.
The centaur closely misses you.
You hit the centaur.
You feel better.
The centaur is heavily wounded.
The wyvern bites you but does no damage.
The centaur barely misses you.
You completely miss the centaur.
The centaur is heavily wounded.
The wyvern bites you.
* * * LOW HITPOINT WARNING * * *
The centaur hits you.
* * * LOW HITPOINT WARNING * * *
The wyvern bites you!
You die...

..# #.# ##.## ##
#...###
##.####.....###
##...##........#
##....##...c....#
##.....#...@l#
##...........##
##..........###
#.......<..##
##.......)..#
#...........#
#...........#
##...........##
#.............#


You could see a wyvern and a centaur.

Vanquished Creatures
  Prince Ribbit (D:8)
  A phantom (D:7)
  An ogre (D:5)
  A centaur (D:7)
  A giant frog (D:7)
  2 scorpions
  2 crimson imps
  An orc priest (D:5)
  2 hounds (D:4)
  2 orc wizards
  A giant frog skeleton (D:6)
  A worker ant (D:7)
  3 adders
  8 gnolls
  A worm (D:2)
  A giant gecko (D:5)
  14 orcs
  A giant cockroach (D:2)
  2 hobgoblins (D:4)
  4 jackals (D:2)
  4 quokkas
  5 bats
  5 goblins
  A jackal skeleton (D:7)
  6 kobolds
  10 rats
81 creatures vanquished.

Notes
Turn   | Place    | Note
--------------------------------------------------------------
     0 | D:1      | patman the Halfling Berserker began the quest for the Orb.
     0 | D:1      | Reached XP level 1. HP: 15/15 MP: 1/1
   144 | D:3      | Reached XP level 2. HP: 5/20 MP: 2/2
   425 | D:3      | Reached skill level 4 in Long Blades
   425 | D:3      | Reached XP level 3. HP: 22/25 MP: 3/3
   491 | D:3      | Found a blossoming altar of Fedhas.
   668 | D:2      | Acquired Trog's second power
   825 | D:2      | Reached XP level 4. HP: 10/30 MP: 4/4
   848 | D:2      | Reached skill level 5 in Long Blades
   906 | D:3      | Found a stormy altar of Qazlal.
   971 | D:3      | Noticed an orc priest
   971 | D:3      | Noticed an orc priest
   971 | D:3      | Noticed an orc priest
  1095 | D:4      | Reached XP level 5. HP: 8/35 MP: 5/5
  1177 | D:4      | Noticed a scorpion
  1206 | D:4      | Killed a scorpion
  1206 | D:4      | Reached skill level 6 in Long Blades
  1206 | D:4      | HP: 2/52 [poisoned by a scorpion]
  1400 | D:4      | Reached XP level 6. HP: 26/41 MP: 6/6
  1477 | D:5      | Entered Level 5 of the Dungeon
  1480 | D:5      | Reached skill level 7 in Long Blades
  1620 | D:5      | Reached XP level 7. HP: 45/45 MP: 7/7
  1819 | D:5      | Found a stormy altar of Qazlal.
  2176 | D:6      | Reached skill level 8 in Long Blades
  2233 | D:6      | Found an iron altar of Okawaru.
  2379 | D:7      | HP: 2/67 [phantom (5)]
  2390 | D:7      | Reached XP level 8. HP: 3/51 MP: 8/8
  2643 | D:7      | Reached skill level 9 in Long Blades
  2866 | D:7      | Found a staircase to the Ecumenical Temple.
  2941 | D:8      | Noticed Prince Ribbit
  2965 | D:8      | Killed Prince Ribbit
  3005 | D:8      | Slain by a wyvern

Vault maps used:
D:1:      scummos_arrival_hexagon, serial_bayou_pond_e,
          minmay_shallow_snake_nest
D:2:      serial_aquarium, aquarium_bridge_square, aquarium_bridge_straight,
          aquarium_window_1, aquarium_window_1, aquarium_view_2b,
          aquarium_view_2e, aquarium_balcony_3b, grunt_ministairs_1
D:3:      grunt_temple_overflow_forces_of_nature
D:4:      first_bread, cheibrodos_gnoll_hut, uniq_sigmund, uniq_blork_the_orc
D:5:      serial_shops, shop, basic_altar, kennysheep_cluttered_room
D:6:      basic_altar, serial_shops, kennysheep_little_box,
          minmay_misc_feat_nine_boxes, minivault_14
D:7:      minmay_temple_entry_large_hall, serial_co_window_serial,
          co_window_of_opportunity_a, co_window_corner_a, co_window_cross_1,
          co_window_corner_a, co_window_paths_a, co_window_corner_ca,
          co_window_corner_b, co_window_corner_b, co_window_paths_c,
          co_window_corner_ca, co_window_corner_ca, co_window_2corner,
          co_window_sun, glass_columns_a, glass_columns_a, glass_columns_b,
          glass_columns_c, glass_columns_a
D:8:      minitemple, serial_shops, shop, shop, uniq_prince_ribbit1

Action                   |  1- 3 |  4- 6 |  7- 9 || total
-------------------------+-------+-------+-------++-------
Melee: Falchion          |   118 |    96 |    42 ||   256
       Rapier            |       |       |   156 ||   156
Invok: Berserk           |     1 |     6 |     4 ||    11
       Trog's Hand       |     1 |     1 |       ||     2
  Use: Scroll            |     4 |     2 |       ||     6
  Eat: Chunk             |     1 |     7 |     6 ||    14
       Fruit             |       |     1 |       ||     1
       Meat ration       |       |       |     1 ||     1
       Pizza             |       |       |     1 ||     1
       Beef jerky        |       |       |     1 ||     1
